General information
- name: BNet
- type: Ladder team game (AT/RT)
- host: Battle.net
- saver: sobieski
map: Cherryville
- players: 8
- length: 10:07
- speed: Fast
- version: 1.28 W3XP
- replay type: Public
» download(63 KB)
Players
team 1 (winner)
Salad1n (
red | 85 APM | 857 actions | 10:06)
4 Death Knight
2 Death Coil
1 Unholy Aura
1 Death Pact
1 Lich
1 Frost Nova
» actions
| Assign group hotkey | 88 | |
| Basic commands | 30 | |
| Build / train | 46 | |
| ESC pressed | 2 | |
| Enter build submenu | 10 | |
| Enter hero's abilities submenu | 5 | |
| Give item / drop item | 1 | |
| Right click | 327 | |
| Select / deselect | 148 | |
| Select group hotkey | 141 | |
| Use ability | 59 | |
857 total
» units
| Acolyte | 5 | |
| Ghoul | 4 | |
| Crypt Fiend | 6 | |
| Obsidian Statue | 2 | |
| Peasant | 1 | |
18 total
» upgrades
| Creature Attack | 1 | |
| Backpack | 1 | |
| Destroyer Form | 1 | |
3 total
» buildings
| Crypt | 1 | |
| Graveyard | 1 | |
| Altar of Darkness | 1 | |
| Ziggurat | 4 | |
| Tomb of Relics | 1 | |
| Halls of the Dead | 1 | |
| Black Citadel | 1 | |
| Slaughterhouse | 1 | |
11 total
» build order
00:10 Crypt
00:16 Graveyard
00:49 Altar of Darkness
01:07 Ziggurat
01:33 Tomb of Relics
02:06 Ziggurat
03:58 Halls of the Dead
04:28 Ziggurat
06:19 Black Citadel
06:22 Slaughterhouse
06:46 Ziggurat
» items
| Rod of Necromancy | 4 | |
| Potion of Healing | 1 | |
| Potion of Lesser Invulnerability | 2 | |
| Scroll of Healing | 1 | |
| Orb of Corruption | 1 | |
9 total
sobieski (
teal | 110 APM | 1118 actions | 10:07)
4 Archmage
2 Summon Water Elemental
2 Brilliance Aura
1 Mountain King
1 Storm Bolt
» actions
| Assign group hotkey | 98 | |
| Basic commands | 35 | |
| Build / train | 68 | |
| Enter build submenu | 16 | |
| Enter hero's abilities submenu | 5 | |
| Give item / drop item | 3 | |
| Remove unit from queue | 1 | |
| Right click | 311 | |
| Select / deselect | 121 | |
| Select group hotkey | 397 | |
| Use ability | 63 | |
1118 total
» units
| Peasant | 16 | |
| Footman | 7 | |
| Rifleman | 9 | |
32 total
» upgrades
» buildings
| Altar of Kings | 1 | |
| Barracks | 1 | |
| Farm | 4 | |
| Arcane Vault | 1 | |
| Lumber Mill | 1 | |
| Blacksmith | 1 | |
| Keep | 3 | |
| Town Hall | 1 | |
| Scout Tower | 4 | |
| Guard Tower | 9 | |
| Arcane Tower | 3 | |
| Castle | 3 | |
32 total
» build order
00:57 Altar of Kings
00:59 Barracks
01:01 Farm
01:07 Farm
01:21 Farm
01:49 Farm
02:13 Arcane Vault
02:20 Lumber Mill
03:00 Blacksmith
03:44 Keep
03:44 Keep
04:43 Town Hall
04:49 Scout Tower
04:50 Scout Tower
04:55 Scout Tower
04:55 Scout Tower
05:26 Guard Tower
06:11 Guard Tower
06:11 Guard Tower
06:19 Guard Tower
06:19 Guard Tower
06:55 Guard Tower
06:55 Guard Tower
06:55 Guard Tower
07:50 Arcane Tower
07:50 Arcane Tower
09:57 Castle
09:57 Castle
09:58 Castle
» items
| Mechanical Critter | 2 | |
| Scroll of Regeneration | 3 | |
5 total

»
rgontownik (
purple | 58 APM | 586 actions | 10:06)
3 Death Knight
2 Death Coil
1 Unholy Aura
» actions
| Assign group hotkey | 23 | |
| Build / train | 32 | |
| Enter build submenu | 14 | |
| Enter hero's abilities submenu | 3 | |
| Right click | 292 | |
| Select / deselect | 100 | |
| Select group hotkey | 87 | |
| Use ability | 35 | |
586 total
» units
| Acolyte | 5 | |
| Ghoul | 3 | |
| Crypt Fiend | 7 | |
15 total
» upgrades
» buildings
| Altar of Darkness | 1 | |
| Ziggurat | 4 | |
| Crypt | 1 | |
| Graveyard | 1 | |
| Tomb of Relics | 1 | |
| Nerubian Tower | 1 | |
| Halls of the Dead | 1 | |
| Black Citadel | 1 | |
| Necropolis | 1 | |
12 total
» build order
00:14 Altar of Darkness
00:19 Ziggurat
00:40 Crypt
01:05 Graveyard
01:38 Ziggurat
02:14 Tomb of Relics
02:37 Nerubian Tower
04:51 Halls of the Dead
05:55 Ziggurat
08:01 Black Citadel
09:13 Necropolis
09:52 Ziggurat
» items
| Rod of Necromancy | 4 | |
| Dust of Appearance | 1 | |
| Potion of Healing | 1 | |
| Potion of Mana | 1 | |
7 total
U_FOLLOW_iTK_19 (
blue | 104 APM | 773 actions | 07:27)
2 Archmage
1 Blizzard
1 Brilliance Aura
» actions
| Assign group hotkey | 14 | |
| Basic commands | 10 | |
| Build / train | 29 | |
| ESC pressed | 1 | |
| Enter build submenu | 15 | |
| Enter hero's abilities submenu | 2 | |
| Right click | 334 | |
| Select / deselect | 81 | |
| Select group hotkey | 260 | |
| Use ability | 27 | |
773 total
» units
» upgrades
| Defend | 1 | |
| Lumber Harvesting | 1 | |
2 total
» buildings
| Altar of Kings | 1 | |
| Farm | 5 | |
| Arcane Vault | 1 | |
| Barracks | 1 | |
| Scout Tower | 4 | |
| Arcane Tower | 1 | |
| Keep | 1 | |
| Lumber Mill | 1 | |
| Guard Tower | 1 | |
| Town Hall | 1 | |
17 total
» build order
00:04 Altar of Kings
00:06 Farm
00:46 Farm
01:26 Arcane Vault
01:30 Barracks
01:47 Scout Tower
02:17 Arcane Tower
02:18 Farm
02:45 Farm
02:59 Farm
04:06 Keep
05:31 Scout Tower
05:34 Lumber Mill
05:39 Scout Tower
06:44 Guard Tower
06:54 Town Hall
06:55 Scout Tower
» items
team 2 (loser)

»
darksideofhemp (
orange | 40 APM | 237 actions | 05:56)
1 Priestess of the Moon
1 Searing Arrows
» actions
| Assign group hotkey | 2 | |
| Basic commands | 19 | |
| Build / train | 20 | |
| Enter build submenu | 9 | |
| Enter hero's abilities submenu | 1 | |
| Remove unit from queue | 1 | |
| Right click | 87 | |
| Select / deselect | 77 | |
| Select group hotkey | 9 | |
| Use ability | 12 | |
237 total
» units
| Wisp | 9 | |
| Huntress | 5 | |
| Glaive Thrower | 3 | |
17 total
» buildings
| Altar of Elders | 1 | |
| Moon Well | 4 | |
| Hunter's Hall | 1 | |
| Ancient of War | 2 | |
| Ancient Protector | 1 | |
9 total
» build order
00:21 Altar of Elders
00:23 Moon Well
02:04 Hunter's Hall
02:08 Ancient of War
02:11 Ancient of War
02:16 Moon Well
02:24 Moon Well
03:19 Ancient Protector
05:09 Moon Well
Impaired_ (
pink | 42 APM | 297 actions | 06:59)
1 Keeper of the Grove
1 Force of Nature
» actions
| Build / train | 20 | |
| Enter build submenu | 7 | |
| Enter hero's abilities submenu | 1 | |
| Remove unit from queue | 1 | |
| Right click | 151 | |
| Select / deselect | 104 | |
| Use ability | 13 | |
297 total
» units
» upgrades
» buildings
| Altar of Elders | 1 | |
| Moon Well | 4 | |
| Ancient of War | 1 | |
| Hunter's Hall | 1 | |
7 total
» build order
00:11 Altar of Elders
00:15 Moon Well
00:24 Ancient of War
01:32 Moon Well
02:37 Moon Well
03:20 Hunter's Hall
05:54 Moon Well
angrywinds (
yellow | 45 APM | 316 actions | 07:05)
1 Paladin
1 Holy Light
1 Priestess of the Moon
1 Trueshot Aura
» actions
| Basic commands | 23 | |
| Build / train | 24 | |
| Enter build submenu | 15 | |
| Enter hero's abilities submenu | 3 | |
| Right click | 115 | |
| Select / deselect | 108 | |
| Use ability | 28 | |
316 total
» units
| Peasant | 9 | |
| Footman | 3 | |
| Rifleman | 5 | |
17 total
» upgrades
» buildings
| Altar of Kings | 1 | |
| Lumber Mill | 1 | |
| Farm | 3 | |
| Scout Tower | 3 | |
| Barracks | 2 | |
| Guard Tower | 2 | |
| Blacksmith | 2 | |
| Arcane Tower | 1 | |
15 total
» build order
00:20 Altar of Kings
00:30 Lumber Mill
00:44 Farm
01:33 Scout Tower
01:36 Barracks
01:44 Farm
02:04 Guard Tower
02:23 Blacksmith
03:03 Blacksmith
03:23 Scout Tower
03:31 Barracks
03:34 Farm
04:14 Arcane Tower
05:21 Scout Tower
05:58 Guard Tower
Chat log
(00:25 / All) Salad1n: afk?
(00:30 / All) AlexGayGayJones: no
(00:42 / All) Salad1n: gay
(00:50 / All) Impaired_: u have tker?
(01:00 / All) U_FOLLOW_iTK_19: can't read dirty jew sp1c sandn1ggering ch1nk?
(01:02 / All) Salad1n: no we are fine
(01:07 / All) Impaired_: no ur gonna get tk
(01:09 / All) darksideofhemp: blue is anoob
(01:14 / All) U_FOLLOW_iTK_19: can't read dirty jew sp1c sandn1ggering ch1nk?
(01:17 / All) sobieski: blue is mega noob
(01:18 / All) darksideofhemp: hes suck my dick
(01:21 / All) U_FOLLOW_iTK_19: can't read dirty jew sp1c sandn1ggering ch1nk?
(01:38 / All) darksideofhemp: cry cry noob typer
(01:43 / All) U_FOLLOW_iTK_19: can't read dirty jew sp1c sandn1ggering ch1nk?
(01:50 / All) Salad1n: lol
(01:52 / All) Impaired_: alone on another saturday night
(01:53 / All) U_FOLLOW_iTK_19: can't read dirty jew sp1c sandn1ggering ch1nk?
(01:57 / All) sobieski: blue is low iq
(01:58 / All) Impaired_: ?
(02:03 / All) U_FOLLOW_iTK_19: can't read dirty jew sp1c sandn1ggering ch1nk?
(02:08 / All) Impaired_: hes lonely
(02:10 / All) U_FOLLOW_iTK_19: can't read dirty jew sp1c sandn1ggering ch1nk?
(02:40 / All) U_FOLLOW_iTK_19: can't read dirty jew sp1c sandn1ggering ch1nk?
(03:04 / All) darksideofhemp: hes is sucker player
(03:06 / All) U_FOLLOW_iTK_19: can't read dirty jew sp1c sandn1ggering ch1nk?
(03:20 / All) sobieski: agreed oj
(03:25 / All) U_FOLLOW_iTK_19: can't read dirty jew sp1c sandn1ggering ch1nk?
(03:50 / All) U_FOLLOW_iTK_19: can't read dirty jew sp1c sandn1ggering ch1nk?
(05:56 / All) U_FOLLOW_iTK_19: can't read dirty jew sp1c sandn1ggering ch1nk?
(06:19 / All) U_FOLLOW_iTK_19: can't read dirty jew sp1c sandn1ggering ch1nk?
(06:31 / All) U_FOLLOW_iTK_19: can't read dirty jew sp1c sandn1ggering ch1nk?
(06:59 / Allies) sobieski: ty
(07:02 / All) U_FOLLOW_iTK_19: can't read dirty jew sp1c sandn1ggering ch1nk?
(07:31 / All) sobieski: weird that guy dropped when he hit my expo
(07:37 / All) sobieski: wtf why did blue leave
(07:41 / All) sobieski: angrywinds left too
(07:53 / Allies) sobieski: who got him?
(08:13 / Allies) rgontownik: wood?
(08:24 / Allies) sobieski: haven't got spare
(10:05 / Allies) rgontownik: someone control blue not me i a noob